 Dungeon Crawl Stone Soup version 0.28-a0-32-g8dfe7f97f6 (webtiles) character file.

Game seed: 1716802330143811466

3983 Spaninq the Spear-Bearer (level 10, -13/99 (102) HPs)
             Began as a Troll Chaos Knight on July 27, 2021.
             Was a Plaything of Xom.
             Mangled by Harold (24 damage)
             ... on level 7 of the Dungeon.
             The game lasted 00:23:33 (7098 turns).

Spaninq the Spear-Bearer (Troll Chaos Knight)       Turns: 7098, Time: 00:23:34

HP:   -13/99 (102)  AC:  8    Str: 21 (22) XL:     10   Next: 2%
MP:   9/9           EV: 13    Int:  6      God:    Xom [......]
Gold: 296           SH:  0    Dex:  7 (10) Spells: 9/9 levels left

rFire   . . .      SeeInvis .   b - +2 trident (flame)
rCold   . . .      Faith    .   (no shield)
rNeg    . . .      Spirit   .   a - +2 robe
rPois   .          Reflect  .   (helmet restricted)
rElec   .          Harm     .   w - +2 cloak {rCorr}
rCorr   +          Rampage  .   (gloves unavailable)
Will    .....                   (boots unavailable)
Stlth   ++........              A - amulet of the acrobat
HPRegen 1.26/turn               l - +4 ring of evasion
MPRegen 0.11/turn               (no ring)

@: mighty, marked, lightly drained
A: large, unfitting armour, claws 3, regeneration 1, shaggy fur 1, tough skin 1,
camouflage 1, deformed body, deterioration 2, dopey 1, weak 1
a: Renounce Religion


You were on level 7 of the Dungeon.
You worshipped Xom.
You were a very special plaything of Xom.
You visited 2 branches of the dungeon, and saw 9 of its levels.

You collected 483 gold pieces.
You spent 187 gold pieces at shops.

Inventory:

Hand Weapons
 b - a +2 trident of flaming (weapon)
 y - a +2 hand axe of flaming
 z - a +2 trident of venom
Missiles
 j - 6 curare-tipped darts
 p - 7 boomerangs of dispersal (quivered)
 s - 2 throwing nets
Armour
 a - a +2 robe (worn)
 g - a +0 tower shield
 w - a +2 cloak of preservation (worn)
Jewellery
 l - a +4 ring of evasion (left claw)
 A - an amulet of the acrobat (around neck)
Wands
 m - a wand of charming (5)
 t - a wand of polymorph (8)
Scrolls
 e - a scroll of enchant armour
 i - 5 scrolls of teleportation
 k - a scroll of fog
 q - a scroll of brand weapon
 B - a scroll of silence {unknown}
 C - a scroll of summoning
Potions
 c - a potion of curing
 d - a potion of resistance
 h - a potion of flight
 n - a potion of attraction
 o - a potion of brilliance
 u - a potion of lignification {unknown}
 x - a potion of cancellation {unknown}
Miscellaneous
 v - a box of beasts


   Skills:
 + Level 7.4 Fighting
 * Level 12.3 Polearms
 - Level 1.9 Dodging
 - Level 4.2 Unarmed Combat


You had 9 spell levels left.
You didn't know any spells.
Your spell library contained the following spells:

 Spells                   Type           Power      Damage    Failure   Level
 Call Canine Familiar     Summ           0%         N/A       83%         3
 Gell's Gravitas          Tloc           0%         N/A       83%         3
 Lesser Beckoning         Tloc           0%         N/A       83%         3
 Portal Projectile        Hex/Tloc       0%         N/A       83%         3
 Teleport Other           Tloc           0%         N/A       83%         3
 Leda's Liquefaction      Hex/Erth       0%         N/A       99%         4


Dungeon Overview and Level Annotations

Branches:
Dungeon (8/15)             Temple (1/1) D:6
   Lair: D:8-11

Altars:
Ashenzari
Cheibriados
Dithmenos
Elyvilon
Fedhas
Gozag
Hepliaklqana
Kikubaaqudgha
Makhleb
Nemelex Xobeh
Okawaru
Qazlal
Ru
Sif Muna
Trog
Uskayaw
Vehumet
Wu Jian
Xom
Yredelemnul
Zin
The Shining One

Shops:
D:6 *

Annotations:
D:7 Harold


Innate Abilities, Weirdness & Mutations

You are too large for most types of armour.
You have claws for hands.
Your natural rate of healing is unusually fast.
You are covered in fur. (AC +1)
You have tough skin. (AC +1)
Your skin changes colour to match your surroundings (Stealth+).
Armour fits poorly on your strangely shaped body.
Your body often deteriorates upon taking damage.
You are dopey. (Int -2)
You are weak. (Str -2)


Message History

Xom makes a sudden noise!
You hear a mighty clap of thunder!
You feel much better. Harold hits you but does no damage.
You hit Harold.
Harold is poisoned.
Harold is lightly wounded.
You hit Harold but do no damage.
Harold is lightly wounded. "This might be better!"
Harold seems to speed up.
Harold misses you.
You hit Harold but do no damage.
Harold looks as sick as possible!
Harold is lightly wounded.
Harold hits you with a +0 long sword.
You feel very mighty all of a sudden. Harold closely misses you. x2
Your +2 trident of venom stops dripping with poison.
Your +2 trident of flaming bursts into flame!
b - a +2 trident of flaming (weapon)
You impale Harold!! You burn Harold.
Harold is moderately wounded.
Harold says, "I was hoping my final job would be more of a challenge, but money is money."
Harold hits you with a +0 long sword.
You hit Harold. You burn Harold.
Harold is heavily wounded.
Harold hits you with a +0 long sword!!
* * * LOW HITPOINT WARNING * * *
Your body deteriorates!
You feel clumsy.
You barely miss Harold.
Harold is heavily wounded.
Harold hits you with a +0 long sword.
* * * LOW HITPOINT WARNING * * *
You completely miss Harold.
Harold is heavily wounded.
Harold hits you with a +0 long sword!
* * * LOW HITPOINT WARNING * * *
You puncture Harold! You burn Harold.
Harold is severely wounded.
Harold hits you with a +0 long sword!
* * * LOW HITPOINT WARNING * * *
You feel better. Harold hits you with a +0 long sword!!
You die...
Xom titters!

.#.# #.###.#
#.#####.##### .#.#
#.....# #.#.........#
.#(#
############.#.###.###.#
.#.#
#......#.#.......#.#
.#.#
#.####.#.#########.#
.#.# #.# #.#..)........#
.#.# #.# #.#.)##########
.#.# #.####.#..# ##.#
#.#.@..#.># ...#
#.#@####..# ####
#.#oO..O..# #.#.####.##
#.### #.# #.######.#
#........# ##########


You could see Harold (fast, very poisoned) and an orc.

Vanquished Creatures
  Grinder (D:5)
  Sigmund (D:4)
  Menkaure (D:7)
  A water moccasin (D:3)
  Edmund (D:4)
  Duvessa (D:5)
  An orc warrior (D:8)
  A black bear (D:6)
  4 ice beasts
  A sky beast (D:6)
  4 ogres
  2 centaurs
  3 phantoms
  3 bullfrogs
  A scorpion (D:5)
  A water moccasin zombie (D:7)
  Dowan (D:5)
  A wyvern skeleton (D:6)
  13 wights
  A centaur zombie (D:7)
  An orc priest (D:3)
  A centaur skeleton (D:7)
  2 hounds
  2 jellies (D:5)
  A bullfrog skeleton (D:5)
  A gnoll shaman (D:8)
  Ijyb (D:5)
  4 iguanas
  2 orc wizards (D:5)
  A hound skeleton (D:4)
  A howler monkey skeleton (D:6)
  8 adders
  7 gnolls
  3 shadow imps (D:7)
  2 white imps (D:6)
  An ufetubus (D:3)
  An adder skeleton (D:4)
  2 worms
  3 dart slugs (D:3)
  25 orcs
  6 bats
  4 endoplasms
  6 giant cockroaches
  11 goblins
  10 hobgoblins
  14 jackals
  4 quokkas
  12 ball pythons
  2 frilled lizards
  2 kobolds
  7 rats
190 creatures vanquished.

Vanquished Creatures (collateral kills)
  A black bear (D:5)
1 creature vanquished.

Vanquished Creatures (others)
  2 orcs (D:3)
2 creatures vanquished.

Grand Total: 193 creatures vanquished

Notes
Turn   | Place    | Note
-------+----------+-------------------------------------------
     0 | D:1      | Spaninq the Troll Chaos Knight began the quest for the Orb.
     0 | D:1      | Reached XP level 1. HP: 22/22 MP: 0/0
   102 | D:1      | Reached XP level 2. HP: 28/29 MP: 1/1
   290 | D:1      | XOM: potion effect (berserk rage)
   399 | D:1      | Reached XP level 3. HP: 36/36 MP: 2/2
   655 | D:1      | Found a faded altar of an unknown god.
   655 | D:1      | Noticed a red devil
   764 | D:2      | XOM is BORED!
   764 | D:2      | XOM: silly message
   810 | D:2      | XOM: silly message
   855 | D:2      | XOM: god gift: spear {god gift}
  1000 | D:2      | Found a radiant altar of Vehumet.
  1048 | D:2      | Reached skill level 1 in Polearms
  1048 | D:2      | Reached XP level 4. HP: 45/45 MP: 3/3
  1190 | D:2      | Found a shimmering altar of Xom.
  1280 | D:3      | XOM: destruction
  1286 | D:3      | Reached skill level 2 in Polearms
  1349 | D:3      | XOM: smoke on damage
  1351 | D:3      | Reached XP level 5. HP: 42/53 MP: 4/4
  1354 | D:3      | Reached skill level 3 in Polearms
  1661 | D:3      | XOM: god gift: marble ring {god gift}
  1741 | D:3      | Reached skill level 4 in Polearms
  1882 | D:3      | XOM: give mutations
  1882 | D:3      | Gained mutation: Your body sometimes deteriorates upon
                  | taking damage. [Xom's mischief]
  1882 | D:3      | Gained mutation: You are frail. (-10% HP) [Xom's mischief]
  1882 | D:3      | Gained mutation: You are very frail. (-20% HP) [Xom's
                  | mischief]
  1882 | D:3      | Gained mutation: Your skin changes colour to match your
                  | surroundings (Stealth+). [Xom's mischief]
  2002 | D:3      | Noticed an ogre
  2004 | D:3      | Noticed a water moccasin
  2004 | D:3      | an ogre changed into a water moccasin
  2004 | D:3      | XOM: polymorph ogre -> water moccasin
  2006 | D:3      | XOM: repel stairs
  2011 | D:3      | Killed a water moccasin
  2012 | D:3      | Reached skill level 5 in Polearms
  2012 | D:3      | Reached XP level 6. HP: 49/49 MP: 5/5
  2560 | D:4      | XOM: 2-stop teleportation journey
  2561 | D:4      | Noticed Edmund
  2561 | D:4      | XOM: stat loss: -1 Int (7/8)
  2565 | D:4      | XOM: scenery: summon butterflies
  2590 | D:4      | Killed Edmund
  2591 | D:4      | Reached skill level 6 in Polearms
  2591 | D:4      | Reached XP level 7. HP: 13/56 MP: 1/6
  2650 | D:4      | Noticed Sigmund
  2663 | D:4      | Killed Sigmund
  2664 | D:4      | Reached skill level 7 in Polearms
  3284 | D:5      | Entered Level 5 of the Dungeon
  3410 | D:5      | XOM: 1-stop teleportation journey
  3473 | D:5      | Reached skill level 8 in Polearms
  3513 | D:5      | XOM: 1-stop teleportation journey
  3543 | D:5      | Reached skill level 5 in Fighting
  3543 | D:5      | Reached XP level 8. HP: 64/64 MP: 5/7
  3766 | D:5      | XOM: summons 8 friendly demons
  3805 | D:5      | Noticed Ijyb
  3815 | D:5      | Killed Ijyb
  3821 | D:5      | Noticed Dowan
  3824 | D:5      | Noticed Duvessa
  3829 | D:5      | XOM: confuse monster(s)
  3838 | D:5      | XOM: give mutations
  3838 | D:5      | Lost mutation: You are very frail. (-20% HP) [Xom's
                  | mischief]
  3838 | D:5      | Lost mutation: You are frail. (-10% HP) [Xom's mischief]
  3838 | D:5      | Gained mutation: You are weak. (Str -2) [Xom's mischief]
  3839 | D:5      | XOM: 2-stop teleportation journey
  3881 | D:5      | Killed Duvessa
  3882 | D:5      | Reached skill level 9 in Polearms
  4052 | D:5      | Killed Dowan
  4148 | D:5      | XOM: scenery: create altars
  4152 | D:5      | Reached skill level 10 in Polearms
  4229 | D:5      | Noticed Grinder
  4234 | D:5      | XOM: fake destruction
  4237 | D:5      | XOM: enchant monster (good)
  4240 | D:5      | Killed Grinder
  4417 | D:5      | XOM: scenery: summon butterflies
  4480 | D:6      | Reached XP level 9. HP: 85/87 MP: 5/8
  4582 | D:6      | Reached skill level 11 in Polearms
  4703 | D:6      | XOM: confuse monster(s)
  4731 | D:6      | XOM: god gift: box of beasts
  4747 | D:6      | Found Irecaogg's Assorted Antiques.
  4761 | D:6      | Bought an embroidered cloak for 187 gold pieces
  5021 | D:6      | Found a staircase to the Ecumenical Temple.
  5030 | Temple   | Entered the Ecumenical Temple
  5053 | Temple   | XOM: scenery: create altars
  5566 | D:6      | XOM: give mutations
  5566 | D:6      | Gained mutation: Armour fits poorly on your strangely
                  | shaped body. [Xom's mischief]
  5566 | D:6      | Gained mutation: You are dopey. (Int -2) [Xom's mischief]
  5796 | D:7      | XOM: enchant monster (bad)
  5801 | D:7      | Reached skill level 12 in Polearms
  6148 | D:7      | XOM: give mutation
  6148 | D:7      | Gained mutation: You evolve. [Xom's mischief]
  6207 | D:7      | Noticed Menkaure
  6213 | D:7      | Killed Menkaure
  6307 | D:7      | XOM: summons 1 hostile shadow creature
  6483 | D:7      | XOM: give mutations
  6483 | D:7      | Lost mutation: You are weak. (Str -2) [Xom's mischief]
  6483 | D:7      | Lost mutation: You are dopey. (Int -2) [Xom's mischief]
  6483 | D:7      | Gained mutation: You are weak. (Str -2) [Xom's mischief]
  6556 | D:7      | Gained mutation: You have sharp toenails. [evolution]
  6743 | D:8      | Found a broken altar of Ashenzari.
  6777 | D:8      | XOM: fog
  6784 | D:8      | Reached XP level 10. HP: 86/98 MP: 9/9
  6902 | D:8      | XOM: give mutations
  6902 | D:8      | Gained mutation: Your body often deteriorates upon taking
                  | damage. [Xom's mischief]
  6902 | D:8      | Gained mutation: You are clumsy. (Dex -2) [Xom's mischief]
  6902 | D:8      | Lost mutation: You have sharp toenails. [Xom's mischief]
  6902 | D:8      | Lost mutation: You are clumsy. (Dex -2) [Xom's mischief]
  6964 | D:8      | XOM: give mutations
  6964 | D:8      | Gained mutation: You are clumsy. (Dex -2) [Xom's mischief]
  6964 | D:8      | Lost mutation: You evolve. [Xom's mischief]
  6964 | D:8      | Gained mutation: You are dopey. (Int -2) [Xom's mischief]
  6964 | D:8      | Lost mutation: You are clumsy. (Dex -2) [Xom's mischief]
  7056 | D:8      | Noticed Harold
  7060 | D:8      | Noticed a two-headed ogre
  7085 | D:7      | XOM: noise
  7089 | D:7      | XOM: enchant monster (bad)
  7097 | D:7      | HP: 4/99 [Harold (16)]
  7098 | D:7      | Mangled by Harold

Illustrated notes

Levels and vault maps discovered:
D:1:      roderic_crop_circles_arrival_small, layout_loops_ring,
          dreamdust_ecumenical_altar_sealed_demon, serial_bayou_crossing
D:2:      layout_rooms, basic_altar, kennysheep_flooded_box,
          minmay_quadrilaterals
D:3:      layout_basic, chequers_serial_rivers_micro_b, fountainhead,
          minmay_joined_circles
D:4:      minmay_chambers_of_fours, layout_basic, sigmund_edmund_badplayer
D:5:      layout_basic, grunt_decor_fettered, minmay_puff, uniq_grinder,
          uniq_duvessa, uniq_edmund, uniq_ijyb
D:6:      layout_loops_corners, minmay_temple_entry_ruins, serial_shops,
          nicolae_shop_temple_entry_statues_fountains, st_stairs_9
D:7:      layout_basic, uniq_menkaure
D:8:      layout_basic, lemuel_doored_altar, uniq_harold
Temple:   roderic_octagonal_lattice_temple

Skill      XL: |  1  2  3  4  5  6  7  8  9 |
---------------+----------------------------+-----
Unarmed Combat | 4 |  4.2
Fighting       | 3 4 5 6 7 |  7.4
Polearms       | 1 2 5 6 8 10 12 | 12.3
Dodging        | |  1.9

Action                   |  1- 3 |  4- 6 |  7- 9 | 10-12 || total
-------------------------+-------+-------+-------+-------++-------
Melee: Unarmed           |   118 |   151 |    82 |       ||   351
       Punch             |     2 |     3 |     7 |       ||    12
       Spear             |     6 |       |       |       ||     6
       Trident           |       |       |   297 |    16 ||   313
       Kick              |       |       |     5 |       ||     5
Evoke: Wand              |       |       |       |     2 ||     2
  Use: Potion            |       |     4 |       |     3 ||     7
       Scroll            |       |       |    19 |       ||    19
 Stab: Sleeping          |       |     6 |     8 |       ||    14
       Distracted        |       |     1 |     2 |       ||     3
       Paralysed         |       |       |     3 |       ||     3
       Confused          |       |       |     1 |       ||     1
Armor: Robe              |    58 |    21 |    57 |     4 ||   140
Dodge: Dodged            |    63 |    64 |   172 |    18 ||   317

Table legend: (Time is in decaauts)
 A = Elapsed time spent in this place.
 B = Non-inter-level travel time spent in this place.
 C = Inter-level travel time spent in this place.
 D = Time resting spent in this place.
 E = Time spent auto-exploring this place.
 F = Levels seen in this place.
 G = Mean time per level.
                   A        B        C        D        E       F      G
               +--------+--------+--------+--------+--------+-----+--------+
         Total |   6985 |   6782 |    203 |     90 |   4972 |   9 |  776.1 |
       Dungeon |   6611 |   6431 |    180 |     90 |   4623 |   8 |  826.4 |
        Temple |    374 |    351 |     23 |      0 |    349 |   1 |  374.0 |
               +--------+--------+--------+--------+--------+-----+--------+

Top non-repeatable levels by time:
     D:5: 1151 daAuts
     D:4: 1021 daAuts
     D:7: 956 daAuts
     D:3: 956 daAuts
     D:6: 905 daAuts
     D:1: 686 daAuts
     D:2: 592 daAuts
  Temple: 374 daAuts
     D:8: 340 daAuts
